 Dungeon Crawl Stone Soup version 0.30-a0-847-g17996783a1 (webtiles) character file.

Game seed: 3694728433625800678

9630 qeuew the Skirmisher (level 11, -3/86 HPs)
             Began as a Formicid Hunter on Mar 3, 2023.
             Was an Initiate of Ashenzari.
             Slain by a komodo dragon (17 damage)
             ... on level 2 of the Lair of Beasts.
             The game lasted 00:20:49 (10306 turns).

qeuew the Skirmisher (Formicid Hunter)             Turns: 10306, Time: 00:20:50

Health: -3/86      AC: 14    Str: 26    XL:     11   Next: 78%
Magic:  11/11      EV: 15    Int:  8    God:    Ashenzari [......]
Gold:   629        SH:  0    Dex: 23    Spells: 10/10 levels left

rFire   . . .      SeeInvis +    a - +1 shortbow (drain)
rCold   + . .      Faith    .    (no shield)
rNeg    + . .      Spirit   .    t - +0 pearl dragon scales
rPois   .          Reflect  .    (helmet unavailable)
rElec   +          Rampage  .    (no cloak)
rCorr   .                        (no gloves)
Will    +....                    n - +0 pair of boots "Ricvoig" {rC+ Dex+3}
Stlth   +++                      (no amulet)
HPRegen 0.34/turn                i - ring of the Tethered Gnosis {Str+6, Self, Cun} (curse)
MPRegen 0.12/turn                (no ring)

@: no status effects
A: permanent stasis, dig shafts and tunnels, antennae 3, four strong arms,
electricity resistance, strong 1
a: Dig, Shaft Self, Renounce Religion, Curse Item, Shatter the Chains


You were on level 2 of the Lair of Beasts.
You worshipped Ashenzari.
Ashenzari was noncommittal.
You visited 2 branches of the dungeon, and saw 10 of its levels.
You also visited: Sewer, Ossuary and Bailey.

You collected 629 gold pieces.

Inventory:

Hand Weapons
 a - a +1 shortbow of draining (weapon)
 k - a +2 rapier of draining
Missiles
 u - 2 throwing nets
Armour
 n - the +0 pair of boots "Ricvoig" (worn) {rC+ Dex+3}
   (You acquired it on level 8 of the Dungeon)

   Dex:       It affects your dexterity (+3).
   rC:        It protects you from cold.
 q - a +0 pair of boots
 t - +0 pearl dragon scales (worn)
Jewellery
 i - the cursed ring of the Tethered Gnosis (left hand) {Str+6, Self, Cun}
   (You found it on level 2 of the Dungeon)

   [ring of strength]

   Str:       It affects your strength (+6).
   It has a curse which improves the following skills: Introspection: Fighting
   and Spellcasting.
   Cunning:   Dodging and Stealth.
Wands
 c - a wand of polymorph (6)
 s - a wand of paralysis (9)
Scrolls
 b - 2 scrolls of immolation
 e - 7 scrolls of enchant weapon
 f - 6 scrolls of fog
 j - 8 scrolls of teleportation
 m - 2 scrolls of enchant armour
 o - a scroll of magic mapping
 v - 3 scrolls of amnesia
Potions
 d - a potion of magic
 h - 2 potions of brilliance
 p - 5 potions of haste
 r - a potion of berserk rage
 w - a potion of flight
 x - a potion of might
 z - 2 potions of mutation
 A - 3 potions of cancellation


   Skills:
 + Level 7.5(8.0) Fighting
 + Level 5.8 Short Blades
 * Level 10.2 Ranged Weapons
 + Level 7.0 Armour
 + Level 6.1(6.6) Dodging
 + Level 8.7(9.1) Stealth
 + Level 5.0 Evocations


You had 10 spell levels left.
You didn't know any spells.
Your spell library contained the following spells:

 Spells                   Type           Power      Damage    Failure   Level
 Scorch                   Fire           0%         2d5       85%         2
 Inner Flame              Hex/Fire       0%         N/A       97%         3
 Cause Fear               Hex            0%         N/A       100%        4
 Flame Wave               Conj/Fire      0%         2d4       100%        4
 Summon Cactus Giant      Summ           0%         N/A       100%        6
 Dragon Form              Tmut           0%         N/A       100%        7
 Discord                  Hex            0%         N/A       100%        8
 Dragon's Call            Summ           0%         N/A       100%        9


Dungeon Overview and Level Annotations

Branches:
Dungeon (8/15)             Temple (0/1) D:5            Lair (2/5) D:8
  Sewer (visited)         Ossuary (visited)          Bailey (visited)
  Swamp: Lair:2-3    Shoals: Lair:2-3     Snake: Lair:2-3    Spider: Lair:2-3

Altars:
Ashenzari
Nemelex Xobeh
Sif Muna
Uskayaw
Vehumet

Annotations:
D:5 2 transporters, zenocrate's ghost, novice OpTm


Innate Abilities, Weirdness & Mutations

You cannot be hasted, slowed, berserked, paralysed or teleported.
You can dig through walls and to a lower floor.
You have a pair of large antennae on your head. (SInv)
Your four strong arms can wield two-handed weapons with a shield.
You are resistant to electric shocks. (rElec)
Your muscles are strong. (Str +4, Int/Dex -1)


Message History

Fire: a) +1 shortbow (drain)
Press: ? - help, Q - select action, (/) - cycle Shift-Dir - straight line, f/p - yak
Aim: a yak (moderately wounded, 80% to hit)
You shoot an arrow. The arrow hits the yak!
You drain the yak.
The yak is severely wounded.
Are you sure you want to shaft yourself?
You begin to dig a shaft.
You continue digging a shaft.
A shaft appears beneath you!
You fall into a shaft and drop 1 floor!
The shaft crumbles and collapses.
The yak bellows! x3
Found a stone staircase leading down.
The yak bellows!
You hear a bellow! x2
A basilisk comes into view.
You hear a bellow!
Found a stone staircase leading down.
The yak bellows!
You hear a bellow!
The basilisk gazes at you.
You are slowing down.
You feel a little less mighty now.
Your limbs are stiffening.
Unknown command.
A komodo dragon comes into view.
You have turned to stone.
The basilisk bites you!
* * * LOW HITPOINT WARNING * * *
A yak comes into view.
The basilisk gazes at you.
You easily resist.
The basilisk bites you.
* * * LOW HITPOINT WARNING * * *
The basilisk barely misses you.
The basilisk bites you but does no damage.
The basilisk gazes at you.
The basilisk bites you but does no damage.
You turn to flesh and can move again.
Okay, then.
The basilisk attacks as you move away! The basilisk misses you.
The komodo dragon bites you!
You die...

#. #.##### ###.
#..P#.###....
#............
#............
#............
#............
#....@l......
#..P#.####... #..
#l##P# ##. #YY{.#
#.. #Y...# ..
#.#...#...Y##....
##........>Y.{...
#.>.P###.##Y...
##..# #.# #Y..


You could see a komodo dragon, 3 yaks and a basilisk.

Vanquished Creatures
  Erica (D:8)
  Pikel (D:5)
  2 black mambas (Lair:1)
  2 cane toads (Lair:1)
  2 komodo dragons (Lair:1)
  3 polar bears
  Prince Ribbit (D:7)
  A wyvern (D:7)
  Eustachio (D:4)
  6 yaks
  2 steam dragons
  5 water moccasins
  3 ice beasts
  5 black bears
  An ogre (D:5)
  5 orc warriors
  A sky beast (D:7)
  2 centaurs
  A lemure (D:5)
  2 phantoms
  An elf zombie (Ossuary)
  9 bullfrogs
  4 scorpions
  4 wights
  5 howler monkeys
  2 hounds (D:5)
  A jelly (D:5)
  3 orc priests
  3 human zombies (Ossuary)
  2 gnoll boudas
  3 iguanas
  5 orc wizards
  A hound zombie (Ossuary)
  4 mummies (Ossuary)
  20 adders
  11 gnolls
  6 river rats
  2 shadow imps
  2 white imps
  An ufetubus (D:4)
  2 worm zombies (D:7)
  3 adder zombies (Ossuary)
  2 dart slugs
  27 orcs
  3 bats
  7 endoplasms
  2 giant cockroaches
  13 goblins
  8 hobgoblins
  2 jackals (D:5)
  4 kobolds
  6 quokkas
  18 ball pythons
  3 frilled lizards (Sewer)
  A goblin zombie (Ossuary)
  A kobold zombie (Ossuary)
  30 rats
  3 rat zombies
271 creatures vanquished.

Vanquished Creatures (others)
  21 fungi
  22 plants
43 creatures vanquished.

Grand Total: 314 creatures vanquished

Notes
Turn   | Place    | Note
-------+----------+-------------------------------------------
     0 | D:1      | qeuew the Formicid Hunter began the quest for the Orb.
     0 | D:1      | Reached XP level 1. HP: 16/16 MP: 1/1
    72 | D:1      | Reached XP level 2. HP: 23/23 MP: 2/2
   324 | D:1      | Reached XP level 3. HP: 28/28 MP: 3/3
   709 | D:2      | Reached skill level 1 in Armour
   765 | D:2      | Reached XP level 4. HP: 23/34 MP: 4/4
  1555 | D:3      | Found a broken altar of Ashenzari.
  1581 | D:3      | Reached XP level 5. HP: 27/41 MP: 5/5
  2031 | D:3      | Reached skill level 5 in Ranged Weapons
  2300 | D:3      | Became a worshipper of Ashenzari the Shackled
  2413 | D:4      | Noticed Eustachio
  2421 | D:4      | Killed Eustachio
  2422 | D:4      | Reached XP level 6. HP: 45/47 MP: 6/6
  2594 | D:4      | Found a glowing drain.
  2603 | Sewer    | Entered a sewer
  2629 | Sewer    | Reached XP level 7. HP: 43/52 MP: 7/7
  3058 | Sewer    | Reached skill level 1 in Short Blades
  3066 | Sewer    | Reached skill level 6 in Ranged Weapons
  3372 | D:4      | Found a radiant altar of Vehumet.
  3385 | D:4      | Reached XP level 8. HP: 22/60 MP: 8/8
  4007 | D:4      | Identified a scroll of acquirement
  4014 | D:4      | Gained mutation: You are resistant to electric shocks.
                  | (rElec) [potion of mutation]
  4014 | D:4      | Gained mutation: Your muscles are strong. (Str +4, Int/Dex
                  | -1) [potion of mutation]
  4066 | D:5      | Entered Level 5 of the Dungeon
  4099 | D:5      | Reached skill level 5 in Stealth
  4526 | D:5      | Noticed a +0 falchion
  4526 | D:5      | Noticed a +0 short sword
  4527 | D:5      | Noticed a +0 short sword
  4528 | D:5      | Noticed a +0 falchion
  4528 | D:5      | Noticed a +0 spear
  4529 | D:5      | Noticed a +0 dagger
  4529 | D:5      | Noticed a +0 spear
  4530 | D:5      | Noticed a +0 dagger
  4533 | D:5      | Found a hide-covered altar of Uskayaw.
  4669 | D:5      | Found a staircase to the Ecumenical Temple.
  4794 | D:5      | Noticed Pikel
  4818 | D:5      | Killed Pikel
  4819 | D:5      | Reached skill level 5 in Fighting
  4819 | D:5      | Reached skill level 7 in Ranged Weapons
  4819 | D:5      | Reached XP level 9. HP: 29/68 MP: 9/9
  4943 | D:5      | Found a sparkling altar of Nemelex Xobeh.
  5029 | D:5      | Found a transporter.
  5034 | D:5      | Found a transporter.
  5035 | D:5      | Noticed zenocrate's ghost (novice OpTm)
  5849 | D:7      | Reached skill level 1 in Evocations
  5850 | D:7      | HP: 3/68 [orc priest/divine providence (17)]
  5958 | D:7      | Found a sand-covered staircase.
  5978 | Ossuary  | Entered an ossuary
  6019 | Ossuary  | Reached skill level 5 in Armour
  6051 | Ossuary  | Reached skill level 8 in Ranged Weapons
  6388 | D:7      | Reached XP level 10. HP: 45/76 MP: 10/10
  6559 | D:7      | Reached skill level 5 in Dodging
  7332 | D:8      | Found a flagged portal.
  7348 | Bailey   | Entered a bailey
  7537 | Bailey   | Noticed an orc knight
  7538 | Bailey   | Noticed an orc knight
  7550 | Bailey   | Noticed an orc knight
  7800 | D:8      | Noticed Erica
  7822 | D:8      | Killed Erica
  8075 | D:8      | Reached skill level 9 in Ranged Weapons
  8086 | D:8      | Noticed Prince Ribbit
  8242 | D:7      | Killed Prince Ribbit
  8547 | D:8      | Reached skill level 5 in Short Blades
  8641 | D:8      | Reached * piety under Ashenzari
  8702 | D:8      | Reached XP level 11. HP: 81/84 MP: 11/11
  8843 | D:8      | Found a shimmering blue altar of Sif Muna.
  9039 | D:8      | Found a staircase to the Lair.
  9173 | D:8      | Acquired the +0 pair of boots "Ricvoig" {rC+ Dex+3}
  9235 | Lair:1   | Entered Level 1 of the Lair of Beasts
 10009 | Lair:1   | Reached skill level 10 in Ranged Weapons
 10260 | Lair:1   | Reached skill level 5 in Evocations
 10260 | Lair:1   | HP: 4/86 [yak (7)]
 10291 | Lair:1   | You fall into a shaft and drop 1 floor!
 10306 | Lair:2   | Slain by a komodo dragon

Illustrated notes

Levels and vault maps discovered:
D:1:      lightli_arrival_statuegarden, layout_loops_ring
D:2:      layout_loops_ring
D:3:      kennysheep_six_static_rooms, layout_loops_corners,
          nicolae_ashenzari_skybound
D:4:      layout_loops_ring, mainiacjoe_overflow_boulevard,
          gup_sewer_entry_bubbles, hangedman_feature_mirror,
          chequers_serial_rivers_small_a, minivault_1, uniq_eustachio
D:5:      layout_basic, nicolae_uskayaw_en_pointe, nemelex_altar_shiori,
          minmay_temple_entry_arrows, gammafunk_ghost_hive, uniq_pikel
D:6:      layout_rooms
D:7:      layout_basic, enter_ossuary_3
D:8:      layout_loops_corners, nicolae_sif_muna_condensation,
          grunt_lair_entry_orc_guard_hut, enter_bailey_4, uniq_prince_ribbit1,
          uniq_erica
Lair:1:   beast_lair_carwin_large_4, layout_regular_city, serial_bayou_shore_b
Lair:2:   layout_regular_city, grunt_megastairs_4, infiniplex_staircase_pool,
          lemuel_fruit_tree

Skill      XL: |  1  2  3  4  5  6  7  8  9 10 11 |
---------------+----------------------------------+-----
Dodging        | 2 3 4 5 6 |  6.1
Armour         | 1 2 3 4 5 6 7 |  7.0
Stealth        | 2 3 4 5 6 7 8 |  8.7
Fighting       | 3 4 5 6 7 |  7.5
Ranged Weapons | 5 6 7 8 9 10 | 10.2
Short Blades   | 1 3 5 |  5.8
Evocations     | 1 3 5 |  5.0

Action                     |  1- 3 |  4- 6 |  7- 9 | 10-12 || total
---------------------------+-------+-------+-------+-------++-------
  Melee: Rapier            |       |       |   112 |    57 ||   169
         Punch             |       |       |     2 |     2 ||     4
   Fire: Shortbow          |    48 |   131 |   332 |   382 ||   893
 Invoke: Curse Item        |       |       |     1 |     1 ||     2
         Shatter the Chain |       |       |       |     1 ||     1
Ability: Dig               |     5 |     1 |       |       ||     6
         Shaft Self        |       |       |       |     1 ||     1
    Use: Potion            |     3 |       |    17 |    11 ||    31
         Scroll            |     2 |     6 |     6 |     9 ||    23
 Armour: Leather armour    |     4 |     4 |    26 |       ||    34
         Pearl dragon scal |       |       |   238 |   176 ||   414
  Dodge: Dodged            |     6 |    40 |   460 |   266 ||   772

Table legend: (Time is in decaauts)
 A = Elapsed time spent in this place.
 B = Non-inter-level travel time spent in this place.
 C = Inter-level travel time spent in this place.
 D = Time resting spent in this place.
 E = Time spent auto-exploring this place.
 F = Levels seen in this place.
 G = Mean time per level.
                   A        B        C        D        E       F      G
               +--------+--------+--------+--------+--------+-----+--------+
         Total |  10573 |   9977 |    596 |    466 |   7322 |  13 |  813.3 |
       Dungeon |   8394 |   7799 |    595 |    466 |   5852 |   8 | 1049.2 |
          Lair |    823 |    823 |      0 |      0 |    576 |   2 |  411.5 |
         Sewer |    700 |    700 |      0 |      0 |    520 |   1 |  700.0 |
       Ossuary |    403 |    403 |      0 |      0 |    238 |   1 |  403.0 |
        Bailey |    251 |    251 |      0 |      0 |    136 |   1 |  251.0 |
               +--------+--------+--------+--------+--------+-----+--------+

Top non-repeatable levels by time:
     D:8: 1539 daAuts
     D:7: 1531 daAuts
     D:5: 1188 daAuts
     D:4: 1089 daAuts
     D:3: 1038 daAuts
     D:2: 879 daAuts
  Lair:1: 808 daAuts
   Sewer: 700 daAuts
     D:1: 597 daAuts
     D:6: 531 daAuts
 Ossuary: 403 daAuts
  Bailey: 251 daAuts
  Lair:2: 15 daAuts
